 Dungeon Crawl Stone Soup version 0.25.1-2-g60ff931df9 (webtiles) character file.

Game seed: 3192837735325920160

103105 hawla the Fencer (level 15, -3/152 HPs)
             Began as a Minotaur Berserker on Oct 27, 2020.
             Was the Champion of Trog.
             Blown up by an orb spider (49 damage)
             ... with an orb of destruction
             ... on level 2 of the Spider Nest on Oct 28, 2020.
             The game lasted 01:33:16 (30626 turns).

hawla the Fencer (Minotaur Berserker)              Turns: 30626, Time: 01:33:17

Health: -3/152     AC: 19    Str: 36    XL:     15   Next: 88%
Magic:  15/15      EV: 21    Int:  7    God:    Trog [******]
Gold:   366        SH:  0    Dex: 14    Spells: 14/14 levels left

rFire    . . .     SeeInvis .   G - +1 great sword of Fortitude {flame, Str+3 Int+3 Dex+3 Stlth+}
rCold    . . .     Gourm    .   (shield currently unavailable)
rNeg     . . .     Faith    .   Q - +1 ring mail {rPois}
rPois    +         Spirit   .   (helmet restricted)
rElec    +         Reflect  .   I - +1 cloak
rCorr    +         Harm     .   l - +1 pair of gloves of Wunweuviy {rElec MR+ Slay+2}
MR       +++..                  D - +0 pair of boots
Stlth    ++........             z - amulet of regeneration
HPRegen  0.75/turn              u - ring of resist corrosion
MPRegen  0.14/turn              h - +6 ring of strength

@: no status effects
A: retaliatory headbutt, horns 2, iridescent scales 1, thin metallic scales 1,
magic resistance 1, robust 1
a: Berserk, Trog's Hand, Brothers in Arms, Renounce Religion


You were on level 2 of the Spider Nest.
You worshipped Trog.
Trog was exalted by your worship.
You were not hungry.

You visited 4 branches of the dungeon, and saw 24 of its levels.
You also visited: Ossuary.

You collected 2131 gold pieces.
You spent 1765 gold pieces at shops.

Inventory:

Hand Weapons
 n - a +4 dagger of venom
 G - the +1 great sword of Fortitude (weapon) {flame, Str+3 Int+3 Dex+3 Stlth+}
   (Trog gifted it to you on level 9 of the Dungeon)

   It has been specially enchanted to burn those struck by it, causing extra
   injury to most foes and up to half again as much damage against particularly
   susceptible opponents.
   Big, fiery blades are also staple armaments of hydra-hunters.
   It affects your strength (+3).
   It affects your intelligence (+3).
   It affects your dexterity (+3).
   It makes you more stealthy.
Missiles
 e - 29 boomerangs (quivered)
 q - 40 poisoned darts
 L - 2 silver javelins
 O - 11 javelins
Armour
 g - a +2 ring mail of positive energy
 l - the +1 pair of gloves of Wunweuviy (worn) {rElec MR+ Slay+2}
   (You found it on level 8 of the Dungeon)

   It affects your accuracy and damage with ranged weapons and melee attacks
   (+2).
   It insulates you from electricity.
   It affects your resistance to hostile enchantments.
 D - a +0 pair of boots (worn)
 I - a +1 cloak (worn)
 Q - a +1 ring mail of poison resistance (worn)
 S - +1 ice dragon scales
Jewellery
 h - a +6 ring of strength (right hand)
 k - a +4 ring of protection
 u - a ring of resist corrosion (left hand)
 z - an amulet of regeneration (around neck)
 F - an uncursed ring of ice
 N - an uncursed ring of protection from fire
 R - a +6 ring of dexterity
 V - an uncursed ring of poison resistance
Wands
 b - a wand of enslavement (13)
 t - a wand of disintegration (12)
 A - a wand of digging (7)
 E - a wand of clouds (13)
 K - a wand of flame (30)
 M - a wand of paralysis (4)
 Z - a wand of iceblast (10)
Scrolls
 v - 2 scrolls of blinking
 w - 6 scrolls of teleportation
 x - 2 scrolls of magic mapping
 C - 5 scrolls of enchant weapon
 H - 2 scrolls of enchant armour
 T - 2 scrolls of fear
 X - 5 scrolls of identify
Potions
 d - 4 potions of curing
 i - 3 potions of flight
 j - 3 potions of stabbing
 o - a potion of resistance
 p - 3 potions of haste
 r - 6 potions of might
 s - a potion of ambrosia
 U - 2 potions of magic
 W - 3 potions of cancellation
 Y - a potion of invisibility
Miscellaneous
 f - a tin of tremorstones (3/3)
 J - a lightning rod (4/4)
 P - a lightning rod (4/4)
Comestibles
 c - 12 rations


   Skills:
 + Level 14.4 Fighting
 + Level 9.0(14.3) Short Blades
 + Level 18.8(19.5) Long Blades
   Level 1.4(4.5) Maces & Flails
   Level 6.9(7.0) Staves
 + Level 5.2 Throwing
 + Level 11.3 Armour
 * Level 15.0 Dodging
 + Level 1.4 Evocations


You had 14 spell levels left.
You didn't know any spells.
Your spell library was empty.

Dungeon Overview and Level Annotations

Branches:
Dungeon (15/15)            Temple (1/1) D:6            Lair (6/6) D:10
  Swamp (0/4) Lair:4       Spider (2/4) Lair:4        Slime (0/5) Lair:5
    Orc (0/2) D:9          Vaults (0/5) D:14         Depths (0/5) D:15
Ossuary (visited)

Altars:
Ashenzari
Cheibriados
Dithmenos
Elyvilon
Fedhas
Gozag
Hepliaklqana
Kikubaaqudgha
Makhleb
Nemelex Xobeh
Okawaru
Qazlal
Ru
Sif Muna
Trog
Uskayaw
Vehumet
Wu Jian
Xom
Yredelemnul
Zin
The Shining One
Jiyva

Shops:
D:6 }   D:11 (

Annotations:
Lair:3 exclusion: oklob plant
Lair:5 exclusion: oklob plant
Spider:1 2 runed translucent doors, Beorghan's ghost, adept MiBe


Innate Abilities, Weirdness & Mutations

You reflexively headbutt those who attack you in melee.
You have a pair of horns on your head.
You are partially covered in iridescent scales. (AC +2)
You are partially covered in thin metallic scales. (AC +2)
You are resistant to hostile enchantments. (MR+)
You are robust. (+10% HP)


Message History

The orb spider weaves a glowing orb of energy. x2 2 orbs of destruction come into view.
You see here an inedible chunk of flesh.
The orb of destruction hits you!!!
The orb spider spins a strand of pure energy.
There is a stone staircase leading up here.
The orb of destruction hits you!!!
The orb spider begins to weave its threads into a brightly glowing ball.
The orb spider weaves a glowing orb of energy.
An orb of destruction comes into view.
Found a stone staircase leading up.
The orb spider weaves a glowing orb of energy.
The wavering orb of destruction weakly hits you!
* * * LOW HITPOINT WARNING * * *
The orb spider spins a strand of pure energy.
You cut the orb spider into ribbons!!! You burn the orb spider.
You kill the orb spider!
Trog accepts your kill. The orb of destruction hits you!!!
You die...

#####################
##............^......#
.......<%.<..☼@.....^#
...........○☼...$...<#
..........○..........#
.....^...○............
.........s......#.....
.(..........$.........
.......%....!.........
......[..............#
.......>........%.


You could see an orb spider (charged).

Vanquished Creatures
  Frances (D:13)
  A fire giant (D:15)
  An emperor scorpion (Spider:1)
  Nessos (Lair:5)
  2 entropy weavers (Lair:4)
  Josephine (Lair:5)
  A great orb of eyes (D:13)
  4 hydras
  5 vault guards (D:14)
  The ghost of reptisaurus the Cleaver, a journeyman HuAK of Lugonu (Lair:1)
  5 catoblepae (Lair:6)
  An ogre mage (D:14)
  5 centaur warriors
  2 two-headed ogres
  12 death yaks
  A two-headed ogre (shapeshifter) (D:15)
  A deep troll earth mage (D:13)
  A queen ant (Lair:4)
  The ghost of raphialitos the Blocker, a novice FoFi of Makhleb (D:8)
  Urug (Lair:4)
  The ghost of Xiscapia the Cleaver, a novice HOFi of Beogh (D:8)
  2 unseen horrors
  A deep elf archer (D:14)
  An orc knight (D:15)
  The ghost of crix the Spear-Bearer, a novice MiFi of the Shining One (D:8)
  A deep elf mage (D:13)
  An orb spider (shapeshifter) (D:13)
  3 orb spiders
  4 cyclopes
  An orc sorcerer (D:14)
  7 wolf spiders (Spider:1)
  2 manticores (Lair:6)
  12 elephants
  10 ugly things
  4 black mambas
  2 torpor snails (Lair:3)
  4 gargoyles
  12 spiny frogs
  A centaur skeleton (D:14)
  2 rime drakes
  A yaktaur (D:14)
  6 komodo dragons
  A demonic crawler (Spider:1)
  5 jumping spiders
  A merfolk (D:14)
  2 hornets
  3 meliai (D:14)
  A polar bear (Lair:6)
  5 trolls
  7 slime creatures (D:12)
  A dream sheep (shapeshifter) (D:12)
  22 blink frogs
  A meliai zombie (D:13)
  13 hippogriffs
  A shadow (D:12)
  11 redbacks
  5 tarantellas (Spider:1)
  3 water elementals (D:13)
  2 wyverns
  38 yaks
  2 vampires
  8 wraiths
  6 hungry ghosts
  A basilisk (D:14)
  2 vampire mosquitoes (D:14)
  2 two-headed ogre zombies (D:9)
  An acid dragon (D:15)
  21 soldier ants (Lair:4)
  17 water moccasins
  A floating eye (shapeshifter) (D:13)
  5 porcupines
  A black bear (Lair:5)
  A hornet zombie (D:10)
  9 orc warriors
  An eye of draining (D:14)
  3 sky beasts
  4 ice beasts
  4 phantoms
  A necrophage (D:7)
  8 ogres
  A wolf (Lair:2)
  6 centaurs
  9 crocodiles
  2 elf zombies (D:6)
  20 bullfrogs
  A wyvern zombie (D:14)
  2 elf skeletons (D:6)
  A wyvern skeleton (D:9)
  A water moccasin zombie (D:5)
  4 scorpions
  3 killer bees (D:9)
  6 wights
  4 jellies
  6 howler monkeys
  7 electric eels
  2 crimson imps (D:5)
  2 bullfrog zombies
  2 quasits
  3 centaur zombies
  12 orc priests
  5 hounds
  A human skeleton (D:6)
  4 bullfrog skeletons
  6 iguanas
  15 orc wizards
  34 worker ants
  2 big kobold zombies (Ossuary)
  6 ogre zombies (D:9)
  A hound zombie (D:7)
  2 hound skeletons (D:4)
  8 mummies (Ossuary)
  12 adders
  4 gnolls (D:9)
  6 shadow imps
  2 adder zombies
  4 worms
  7 leopard geckos
  56 orcs
  3 giant cockroaches
  5 goblins
  6 hobgoblins
  10 jackals
  4 kobolds (D:1)
  5 quokkas
  3 ball pythons
  4 bats
  6 frilled lizards
  2 gnoll zombies (Ossuary)
  3 goblin skeletons (D:9)
  2 goblin zombies (D:9)
  A hobgoblin skeleton (D:9)
  3 hobgoblin zombies
  5 jackal skeletons
  A jackal zombie (D:6)
  A kobold zombie (Ossuary)
  A leopard gecko skeleton (D:7)
  5 orc skeletons
  15 orc zombies
  2 quokka skeletons
  7 rats
  4 plants
714 creatures vanquished.

Vanquished Creatures (collateral kills)
  Rupert (D:14)
  A deep elf high priest (D:13)
  A cyclops (D:13)
  2 ugly things (D:15)
5 creatures vanquished.

Vanquished Creatures (others)
  A demonic crawler (Spider:2)
  4 fungi
  8 plants
13 creatures vanquished.

Grand Total: 732 creatures vanquished

Notes
Turn   | Place    | Note
-------+----------+-------------------------------------------
     0 | D:1      | hawla the Minotaur Berserker began the quest for the Orb.
     0 | D:1      | Reached XP level 1. HP: 19/19 MP: 0/0
   264 | D:1      | Reached XP level 2. HP: 18/27 MP: 1/1
   528 | D:1      | Reached skill level 4 in Long Blades
  1103 | D:2      | Reached ** piety under Trog
  1103 | D:2      | Reached XP level 3. HP: 17/33 MP: 2/2
  1940 | D:3      | Reached XP level 4. HP: 41/41 MP: 3/3
  1992 | D:3      | Found an ornate altar of the Wu Jian Council.
  2292 | D:3      | Found a blossoming altar of Fedhas.
  2339 | D:3      | Found an opulent altar of Gozag.
  2340 | D:3      | Found a glowing silver altar of Zin.
  2758 | D:4      | Reached skill level 5 in Long Blades
  2759 | D:4      | Reached XP level 5. HP: 47/47 MP: 4/4
  2799 | D:4      | Reached skill level 5 in Fighting
  2896 | D:4      | Reached skill level 6 in Long Blades
  2960 | D:4      | Reached *** piety under Trog
  2976 | D:4      | Reached XP level 6. HP: 56/56 MP: 5/5
  3498 | D:5      | Entered Level 5 of the Dungeon
  3828 | D:5      | Noticed a sky beast
  3842 | D:5      | Killed a sky beast
  4030 | D:5      | Reached skill level 7 in Long Blades
  4030 | D:5      | Reached XP level 7. HP: 61/61 MP: 6/6
  4161 | D:5      | Reached skill level 5 in Dodging
  4224 | D:5      | Reached skill level 1 in Short Blades
  4950 | D:6      | Reached **** piety under Trog
  4950 | D:6      | Reached XP level 8. HP: 43/70 MP: 7/7
  4958 | D:6      | Found Vyrghe Deso's Gadget Emporium.
  5128 | D:6      | Reached skill level 5 in Armour
  5153 | D:6      | Found a sand-covered staircase.
  5160 | D:6      | Reached skill level 8 in Long Blades
  5189 | Ossuary  | Entered an ossuary
  5737 | D:6      | Reached ***** piety under Trog
  5844 | D:6      | Found a snail-covered altar of Cheibriados.
  5880 | D:6      | Found a staircase to the Ecumenical Temple.
  5890 | Temple   | Entered the Ecumenical Temple
  6445 | D:7      | Noticed a hippogriff
  6461 | D:7      | Killed a hippogriff
  6461 | D:7      | Reached skill level 5 in Short Blades
  6461 | D:7      | Reached XP level 9. HP: 55/78 MP: 8/8
  6763 | D:7      | Found a shadowy altar of Dithmenos.
  7365 | D:7      | Received a gift from Trog
  7649 | D:8      | Noticed a troll
  7657 | D:8      | Killed a troll
  8070 | D:8      | Found a shimmering altar of Xom.
  8070 | D:8      | Found a shimmering altar of Xom.
  8270 | D:8      | Found a shimmering altar of Xom.
  8306 | D:8      | Found a hazy altar of Hepliaklqana.
  8336 | D:8      | Noticed a two-headed ogre
  8342 | D:8      | Killed a two-headed ogre
  8342 | D:8      | Reached skill level 9 in Long Blades
  8342 | D:8      | Reached XP level 10. HP: 67/88 MP: 9/9
  8507 | D:8      | Found a shimmering altar of Xom.
  8508 | D:8      | Found a shimmering altar of Xom.
  8830 | D:8      | Found a runed translucent gate.
  8830 | D:8      | Found a runed translucent gate.
  8830 | D:8      | Found a runed translucent gate.
  8832 | D:8      | Noticed raphialitos's ghost (novice FoFi)
  8832 | D:8      | Noticed crix's ghost (novice MiFi)
  8832 | D:8      | Noticed Xiscapia's ghost (novice HOFi)
  9076 | D:9      | Found a staircase to the Orcish Mines.
  9501 | D:9      | Reached skill level 10 in Long Blades
 10085 | D:9      | Received a gift from Trog
 10086 | D:9      | Got a glimmering great sword {god gift}
 10087 | D:9      | Identified the +1 great sword of Fortitude {flame, Str+3
                  | Int+3 Dex+3 Stlth+} (Trog gifted it to you on level 9 of
                  | the Dungeon)
 10592 | D:9      | Reached skill level 1 in Throwing
 10869 | D:10     | Entered Level 10 of the Dungeon
 11270 | D:10     | Found a staircase to the Lair.
 11541 | D:10     | Noticed a gargoyle
 11550 | D:10     | Killed a gargoyle
 11550 | D:10     | Reached XP level 11. HP: 48/97 MP: 10/10
 11891 | D:10     | Reached skill level 10 in Dodging
 12140 | D:8      | Killed crix's ghost
 12145 | D:8      | Killed raphialitos's ghost
 12145 | D:8      | Reached skill level 11 in Long Blades
 12147 | D:8      | Killed Xiscapia's ghost
 12156 | D:8      | Got a pair of distressingly furry gloves
 12162 | D:8      | Identified the +1 pair of gloves of Wunweuviy {rElec MR+
                  | Slay+2} (You found it on level 8 of the Dungeon)
 12589 | D:11     | Noticed a red ugly thing
 12597 | D:11     | Killed a red ugly thing
 12958 | D:11     | Noticed a purple ugly thing
 12970 | D:11     | Killed a purple ugly thing
 13190 | D:11     | Found Veulla's Antique Weapon Boutique.
 13536 | D:6      | Bought a wand of flame (19) for 147 gold pieces
 13536 | D:6      | Bought a wand of clouds (7) for 462 gold pieces
 13536 | D:6      | Bought a wand of paralysis (4) for 84 gold pieces
 13739 | D:12     | Reached skill level 12 in Long Blades
 13980 | D:12     | Reached skill level 10 in Fighting
 13983 | D:12     | Killed an unseen horror
 14001 | D:12     | Received a gift from Trog
 14452 | D:12     | Reached skill level 13 in Long Blades
 14506 | D:13     | Reached XP level 12. HP: 62/106 MP: 11/11
 14772 | D:13     | Noticed a centaur warrior
 14802 | D:13     | Killed a centaur warrior
 14897 | D:13     | Noticed Frances
 14922 | D:13     | Killed Frances
 15570 | D:13     | Paralysed by a floating eye for 4 turns
 15709 | D:13     | Noticed a deep troll earth mage
 15710 | D:13     | Noticed a great orb of eyes
 15712 | D:13     | Received a gift from Trog
 15721 | D:13     | Killed a deep troll earth mage
 15721 | D:13     | Reached skill level 14 in Long Blades
 15721 | D:13     | Identified the +5 lajatang of Bankruptcy {speed, MP+9
                  | Stlth+}
 15724 | D:13     | Killed a great orb of eyes
 15739 | D:13     | Noticed a deep elf high priest
 15759 | D:13     | Killed a deep elf high priest
 16762 | D:14     | Noticed a centaur warrior
 16764 | D:14     | Noticed a two-headed ogre
 16769 | D:14     | Killed a centaur warrior
 16771 | D:14     | Killed a two-headed ogre
 16778 | D:14     | Reached skill level 1 in Staves
 16922 | D:14     | Reached skill level 1 in Evocations
 17050 | D:14     | Found a bloodstained altar of Trog.
 17078 | D:14     | Reached XP level 13. HP: 82/116 MP: 12/12
 17240 | D:14     | Noticed Rupert
 17243 | D:14     | Paralysed by Rupert for 7 turns
 17260 | D:14     | Killed Rupert
 17372 | D:14     | Reached skill level 5 in Staves
 17565 | D:14     | Reached skill level 10 in Armour
 17576 | D:14     | Reached skill level 15 in Long Blades
 17792 | D:14     | Found a gate to the Vaults.
 18848 | D:11     | Bought a crystal falchion for 288 gold pieces
 18848 | D:11     | Identified the +2 falchion "Mawexzoth" {pain, rF- rN+
                  | Int+2} (You bought it in a shop on level 11 of the Dungeon)
 19195 | D:15     | Entered Level 15 of the Dungeon
 19355 | D:15     | Found a staircase to the Depths.
 19355 | D:15     | Noticed a fire giant
 19851 | D:15     | Killed a fire giant
 20416 | Temple   | Gained mutation: Your body sometimes deteriorates upon
                  | taking damage. [potion of mutation]
 20416 | Temple   | Gained mutation: You have a pair of large horns on your
                  | head. [potion of mutation]
 20417 | Temple   | Lost mutation: You have a pair of large horns on your head.
                  | [potion of mutation]
 20417 | Temple   | Lost mutation: Your body sometimes deteriorates upon taking
                  | damage. [potion of mutation]
 20417 | Temple   | Gained mutation: You are robust. (+10% HP) [potion of
                  | mutation]
 20417 | Temple   | Gained mutation: You are resistant to hostile enchantments.
                  | (MR+) [potion of mutation]
 20417 | Temple   | Gained mutation: You are partially covered in iridescent
                  | scales. (AC +2) [potion of mutation]
 20417 | Temple   | Gained mutation: You are partially covered in thin metallic
                  | scales. (AC +2) [potion of mutation]
 20813 | D:15     | Reached XP level 14. HP: 117/138 MP: 14/14
 21435 | Lair:1   | Entered Level 1 of the Lair of Beasts
 21687 | Lair:1   | Reached skill level 16 in Long Blades
 21892 | Lair:1   | Found a runed translucent gate.
 21892 | Lair:1   | Found a runed translucent gate.
 21892 | Lair:1   | Found a runed translucent gate.
 21893 | Lair:1   | Noticed reptisaurus's ghost (journeyman HuAK)
 22244 | Lair:1   | Killed reptisaurus's ghost
 23388 | Lair:3   | HP: 6/139 [crocodile (8)]
 23589 | Lair:2   | Received a gift from Trog
 24002 | Lair:3   | Reached skill level 17 in Long Blades
 24744 | Temple   | Identified a scroll of acquirement
 24747 | Temple   | Acquired 460 gold pieces
 24809 | D:6      | Bought a tin of tremorstones (3/3) for 560 gold pieces
 24809 | D:6      | Bought a wand of disintegration (12) for 224 gold pieces
 25009 | Lair:4   | Found a staircase to the Swamp.
 25083 | Lair:4   | Found a hole to the Spider Nest.
 25293 | Lair:4   | Noticed Urug
 25302 | Lair:4   | Killed Urug
 25342 | Lair:4   | Noticed an entropy weaver
 25345 | Lair:4   | Noticed an entropy weaver
 25369 | Lair:4   | Killed an entropy weaver
 25395 | Lair:4   | Killed an entropy weaver
 25426 | Lair:4   | Reached ****** piety under Trog
 25435 | Lair:4   | Received a gift from Trog
 26143 | Lair:5   | Noticed Josephine
 26152 | Lair:5   | Noticed Nessos
 26155 | Lair:5   | Killed Josephine
 26155 | Lair:5   | Reached XP level 15. HP: 111/149 MP: 15/15
 26172 | Lair:5   | HP: 11/223 [crocodile (8)]
 26175 | Lair:5   | Killed Nessos
 26965 | Lair:5   | Found a viscous altar of Jiyva.
 26965 | Lair:5   | Found a staircase to the Slime Pits.
 27101 | Lair:6   | Entered Level 6 of the Lair of Beasts
 27199 | Lair:6   | Reached skill level 18 in Long Blades
 27214 | Lair:6   | Received a gift from Trog
 27911 | Lair:6   | Got a steaming mace
 27912 | Lair:6   | Identified the cursed +1 mace "Dodghu" {elec, MR+ Dex+2
                  | Stlth+} (You found it on level 6 of the Lair of Beasts)
 28943 | Spider:1 | Entered Level 1 of the Spider Nest
 28943 | Spider:1 | Found a large runed translucent door.
 28943 | Spider:1 | Found a large runed translucent door.
 28964 | Spider:1 | Received a gift from Trog
 29093 | Spider:1 | Reached skill level 1 in Maces & Flails
 29606 | Spider:1 | Noticed Beorghan's ghost (adept MiBe)
 29635 | Spider:1 | Reached skill level 5 in Throwing
 29875 | Spider:1 | Reached skill level 15 in Dodging
 30626 | Spider:2 | Blown up by an orb spider

Illustrated notes

Levels and vault maps discovered:
D:1:      dpeg_arrival_pits, layout_basic
D:2:      layout_rooms, ebering_dispersal_statue_hall
D:3:      layout_loops_ring, grunt_temple_overflow_gold_and_silver,
          nicolae_overflow_hidden_temple, lemuel_crystal_altar, first_ration
D:4:      layout_basic
D:5:      layout_basic, minmay_crystal_room, kennysheep_generic_room_5
D:6:      layout_gridville, cheibriados_altar_1, lemuel_temple_firewalk_b,
          nicolae_ossuary_entry_catacombs, serial_shops, shop_fountains
D:7:      layout_basic, nicolae_dithmenos_through_a_glass_darkly
D:8:      layout_loops_ring, xom_shifter_show, lemuel_crystal_altar,
          gammafunk_ghost_cemetery
D:9:      layout_layer_cave, zombieorc2_lemuel
D:10:     layout_basic, dpeg_oklobed_lair
D:11:     layout_roguey, serial_shops, shop
D:12:     layout_rooms
D:13:     kennysheep_four_of_diamonds, layout_loops_ring, uniq_frances
D:14:     layout_loops_cross, grunt_vaults_entry_fortified, nicolae_sextant,
          hangedman_fish_farm, lemuel_statue_altar, uniq_rupert
D:15:     grunt_enter_depths_giant_problem, layout_loops_ring
Temple:   eino_temple_lava
Lair:1:   layout_regular_city, gammafunk_ghost_hydra_chop
Lair:2:   layout_cave_pods
Lair:3:   wander_river, layout_chaotic_city, serial_bayou, serial_bayou_shore_b,
          serial_bayou_shore_b, serial_bayou_lagoon_a, serial_bayou_pond_b,
          wad_woods_road_01, infiniplex_staircase_pool
Lair:4:   layout_misc_corridors, swamp_mist, dummy_spider_entry,
          serial_bayou_pond_d, zaba_anthell, uniq_urug
Lair:5:   layout_gridlike, dpeg_slime_entry_enclosed_altar,
          kennysheep_catoblepas_arena, minmay_lair_oklob_chamber,
          grunt_megastairs_4, uniq_nessos, uniq_josephine
Lair:6:   evilmike_catoblepas_cave, layout_regular_city, grunt_megastairs_3
Spider:1: layout_spider_delve, ebering_ghost_disaster_area
Spider:2: nicolae_spider_mines_3, uniq_arachne

Skill      XL: |  1  2  3  4  5  6  7  8  9 10 11 12 13 14 15 |
---------------+----------------------------------------------+-----
Long Blades    | 4 5 6 7 8 9 10 13 14 15 17 18 | 18.8
Fighting       | 4 5 6 7 9 10 11 12 13 14 | 14.4
Dodging        | 3 4 5 6 8 9 11 12 13 15 | 15.0
Armour         | 3 4 6 7 8 9 10 11 | 11.3
Short Blades   | 2 5 6 7 8 9 |  9.0
Throwing       | 1 3 4 5 |  5.2
Staves         | 2 6 |  6.9
Evocations     | 1 |  1.4
Maces & Flails | 1 |  1.4

Action                   |  1- 3 |  4- 6 |  7- 9 | 10-12 | 13-15 || total
-------------------------+-------+-------+-------+-------+-------++-------
Melee: Falchion          |    80 |    97 |    64 |       |       ||   241
       Headbutt          |     5 |    23 |    97 |   159 |   291 ||   575
       Dagger            |       |       |   271 |   205 |    21 ||   497
       Scimitar          |       |       |    58 |    44 |       ||   102
       Rapier            |       |       |     7 |    21 |       ||    28
       Great sword       |       |       |       |   221 |   649 ||   870
       Lajatang          |       |       |       |    42 |    37 ||    79
       Mace              |       |       |       |       |    53 ||    53
Throw: Boomerang         |       |     1 |     3 |     5 |    49 ||    58
       Javelin           |       |       |       |     5 |     7 ||    12
       Dart              |       |       |       |       |    25 ||    25
Invok: Trog's Hand       |       |       |       |     2 |     2 ||     4
       Brothers in Arms  |       |       |       |     2 |     2 ||     4
Evoke: Lightning rod     |       |       |       |     7 |     4 ||    11
       Wand              |       |       |       |     2 |     3 ||     5
  Use: Scroll            |     3 |     5 |    13 |     5 |    21 ||    47
       Potion            |       |       |     3 |     8 |    16 ||    27
 Stab: Sleeping          |     1 |     1 |       |     3 |     6 ||    11
       Distracted        |       |       |       |       |     1 ||     1
  Eat: Chunk             |     3 |     5 |     9 |    13 |    18 ||    48
       Ration            |       |       |     2 |     6 |     8 ||    16
Armor: Animal skin       |    14 |     7 |       |       |       ||    21
       Ring mail         |       |     7 |   119 |   122 |   245 ||   493
       Skin              |       |       |       |       |    51 ||    51
Dodge: Dodged            |    48 |    72 |   229 |   360 |   720 ||  1429
       Rpst.: Falchion   |    11 |    27 |    15 |       |       ||    53
       Scimitar          |       |       |     9 |    11 |       ||    20
       Great sword       |       |       |       |    43 |   128 ||   171
